 Dungeon Crawl Stone Soup version 0.28.0-45-g0d030f2227 (webtiles) character file.

Game seed: 6237456026839037785

597 protoss039 the Skirmisher (level 7, 0/54 HPs)
             Began as a Demonspawn Earth Elementalist on May 28, 2022.
             Slain by an orc
             ... wielding a +0 dagger
              (3 damage)
             ... on level 4 of the Dungeon.
             The game lasted 00:05:34 (3911 turns).

protoss039 the Skirmisher (DsEE)                    Turns: 3911, Time: 00:05:35

Health: 0/54       AC:  2    Str:  6    XL:     7   Next: 17%
Magic:  3/12       EV: 11    Int: 23    God:
Gold:   38         SH:  5    Dex: 15    Spells: 6/12 levels left

rFire   + . .      SeeInvis .   a - +0 short sword
rCold   + . .      Faith    .   l - +1 buckler of Peolod {Will+++ Str-3 Int+5}
rNeg    + . .      Spirit   .   b - +0 robe
rPois   .          Reflect  .   (no helmet)
rElec   .          Harm     .   (no cloak)
rCorr   .          Rampage  .   (no gloves)
Will    +++..                   (no boots)
Stlth   ++........              (no amulet)
HPRegen 0.18/turn               g - ring "Mokludou" {rC++ rN+ Dex+2}
MPRegen 0.13/turn               j - ring of fire

@: very slightly contaminated
A: hooves 2, demonic magic 2
a: no special abilities


You were on level 4 of the Dungeon.
You visited 1 branch of the dungeon, and saw 4 of its levels.

You collected 58 gold pieces.
You spent 20 gold pieces at shops.

Inventory:

Hand Weapons
 a - a +0 short sword (weapon)
Missiles
 c - 13 stones
 f - 2 throwing nets
Armour
 b - a +0 robe (worn)
 l - the +1 buckler of Peolod (worn) {Will+++ Str-3 Int+5}
   (You found it on level 3 of the Dungeon)

   Str:       It affects your strength (-3).
   Int:       It affects your intelligence (+5).
   Will:      It greatly increases your willpower.
Jewellery
 g - the ring "Mokludou" (left hand) {rC++ rN+ Dex+2}
   (You acquired it on level 4 of the Dungeon)

   [ring of positive energy]

   Dex:       It affects your dexterity (+2).
   rC:        It greatly protects you from cold.
   rN:        It protects you from negative energy.
 j - a ring of fire (right hand)
Scrolls
 d - a scroll of blinking
 e - 2 scrolls of amnesia
 i - a scroll of identify
Potions
 k - a potion of berserk rage {unknown}


   Skills:
 * Level 4.0 Fighting
 + Level 2.3 Armour
 - Level 1.7 Dodging
 - Level 1.7 Stealth
 + Level 2.1 Shields
 + Level 3.3 Spellcasting
 - Level 2.0 Conjurations
 - Level 1.0 Transmutations
 + Level 3.9 Earth Magic


You had 6 spell levels left.
You knew the following spells:

 Your Spells              Type           Power      Damage    Failure   Level
a - Sandblast             Erth           42%        2d11      3%          1
b - Passwall              Tmut/Erth      12%        N/A       9%          2
c - Stone Arrow           Conj/Erth      34%        3d9       13%         3

Your spell library contained the following spells:

 Spells                   Type           Power      Damage    Failure   Level
 Animate Skeleton         Necr           6%         N/A       14%         1
 Pain                     Necr           12%        1d4       14%         1
 Vampiric Draining        Necr           3%         2d6       41%         3
 Petrify                  Tmut/Erth      15%        N/A       47%         4


Dungeon Overview and Level Annotations

Branches:
Dungeon (4/15)
 Temple: D:4-7

Altars:
Gozag
Kikubaaqudgha
Zin

Shops:
D:3 ?


Innate Abilities, Weirdness & Mutations

You have hoof-like feet.
Spells you cast may paralyse nearby enemies.


Message History

The orc wizard casts a spell at you. The magic dart hits you!
* * * LOW HITPOINT WARNING * * *
Unknown command.
Casting: Sandblast (safe; 3% risk of failure)
Confirm with . or Enter, or press ? or * to list all spells.
Aiming: Sandblast (safe; 3% risk of failure)
Press: ? - help, Shift-Dir - straight line, f/p - orc wizard
Aim: an orc wizard, wielding a +0 dagger and wearing a +0 robe (severely wounded, 76% to hit)
The blast of sand hits the orc wizard.
The orc wizard is almost dead.
Malevolent energies surge around you.
You feel sick.
The orc is no longer paralysed.
The orc hits you with a +0 short sword.
* * * LOW HITPOINT WARNING * * *
The orc wizard casts a spell at you. The magic dart hits you!
* * * LOW HITPOINT WARNING * * *
Unknown command.
Casting: Sandblast (safe; 3% risk of failure)
Confirm with . or Enter, or press ? or * to list all spells.
Aiming: Sandblast (safe; 3% risk of failure)
Press: ? - help, Shift-Dir - straight line, f/p - orc wizard
Aim: an orc wizard, wielding a +0 dagger and wearing a +0 robe (almost dead, 76% to hit)
The blast of sand hits the orc wizard!
You kill the orc wizard!
Malevolent energies surge around you.
You feel sick.
You are no longer poisoned.
The orc is no longer paralysed.
The orc misses you.
Unknown command.
Casting: Sandblast (safe; 3% risk of failure)
Confirm with . or Enter, or press ? or * to list all spells.
Aiming: Sandblast (safe; 3% risk of failure)
Press: ? - help, Shift-Dir - straight line, f - orc
Aim: an orc, wielding a +0 dagger and wearing a +0 scale mail (83% to hit)
You miscast Sandblast.
You are very lightly contaminated with residual magic.
Nothing appears to happen.
The orc hits you with a +0 short sword.
* * * LOW HITPOINT WARNING * * *
The orc hits you with a +0 dagger.
You die...

)>................#
.###.##.....##....##
.##..##.....#.......
......#.....#..# .. ##
...#.##...†.#..##.###...
..##....##......#.......
......................#
.............#.#...##..
. ...........###@).#
.......##.)# #oo......
....... .... ..##.....
..###......... .#.#. .#
#......... # #
..........# ........
....##...


You could see 2 orcs.

Vanquished Creatures
  Eustachio (D:4)
  A necrophage (D:4)
  An ogre (D:4)
  A water moccasin skeleton (D:4)
  A jelly (D:4)
  An iguana (D:4)
  3 orc wizards (D:4)
  3 adders
  A worm (D:4)
  2 dart slugs (D:1)
  7 orcs (D:4)
  6 bats
  4 endoplasms
  2 giant cockroaches
  8 goblins
  2 hobgoblins
  2 quokkas
  7 ball pythons
  2 frilled lizards
  12 kobolds
  A quokka skeleton (D:4)
  4 rats (D:3)
72 creatures vanquished.

Vanquished Creatures (others)
  8 plants (D:3)
8 creatures vanquished.

Grand Total: 80 creatures vanquished

Notes
Turn   | Place    | Note
-------+----------+-------------------------------------------
     0 | D:1      | protoss039 the Demonspawn Earth Elementalist began the
                  | quest for the Orb.
     0 | D:1      | Reached XP level 1. HP: 13/13 MP: 3/3
    93 | D:1      | Reached skill level 1 in Transmutations
   163 | D:1      | Gained mutation: Spells you cast may paralyse adjacent
                  | enemies. [demonic ancestry]
   163 | D:1      | Reached XP level 2. HP: 17/20 MP: 5/5
   207 | D:1      | Reached skill level 1 in Fighting
  1023 | D:1      | Found a faded altar of an unknown god.
  1124 | D:1      | Learned a level 2 spell: Passwall
  1166 | D:2      | Gained mutation: Spells you cast may paralyse nearby
                  | enemies. [demonic ancestry]
  1166 | D:2      | Reached XP level 3. HP: 26/26 MP: 3/6
  1218 | D:2      | Reached skill level 1 in Armour
  1691 | D:2      | Found an ancient bone altar of Kikubaaqudgha.
  1708 | D:2      | Reached skill level 2 in Fighting
  2229 | D:3      | Learned a level 3 spell: Stone Arrow
  2420 | D:3      | Found Yviab's Magic Scroll Emporium.
  2428 | D:3      | Gained mutation: You have large cloven feet. [demonic
                  | ancestry]
  2428 | D:3      | Reached XP level 4. HP: 33/33 MP: 7/7
  2434 | D:3      | Bought a scroll of identify for 20 gold pieces
  2601 | D:3      | Found an opulent altar of Gozag.
  2753 | D:3      | Identified the +1 buckler of Peolod {Will+++ Str-3 Int+5}
  2991 | D:4      | Identified a scroll of acquirement
  2995 | D:4      | Acquired the ring "Mokludou" {rC++ rN+ Dex+2}
  3022 | D:4      | Reached skill level 1 in Conjurations
  3245 | D:4      | Noticed an ogre
  3250 | D:4      | Noticed Eustachio
  3445 | D:4      | Gained mutation: You have hoof-like feet. [demonic
                  | ancestry]
  3445 | D:4      | Reached XP level 5. HP: 15/39 MP: 4/9
  3698 | D:4      | Noticed a necrophage
  3728 | D:4      | Killed a necrophage
  3729 | D:4      | Reached skill level 3 in Fighting
  3777 | D:4      | Killed an ogre
  3778 | D:4      | Reached skill level 1 in Shields
  3778 | D:4      | Reached XP level 6. HP: 40/47 MP: 7/10
  3828 | D:4      | Killed Eustachio
  3831 | D:4      | Reached XP level 7. HP: 34/53 MP: 6/11
  3907 | D:4      | Reached skill level 4 in Fighting
  3911 | D:4      | Slain by an orc

Illustrated notes

Levels and vault maps discovered:
D:1:      wander_arrival_desolate, layout_loops_ring,
          dilly_ecumenical_altar_fadedgnrine,
          hangedman_abyss_or_decor_lesser_grid
D:2:      layout_loops_corners, basic_altar
D:3:      layout_rooms, grunt_temple_overflow_gold_and_silver, serial_shops,
          nicolae_shop_stone, lexackson_kobold_supper
D:4:      layout_cave_pools, minmay_joined_circles, uniq_eustachio

Skill      XL: |  1  2  3  4  5  6  7 |
---------------+----------------------+-----
Transmutations | 1 |  1.0
Fighting       | 1 2 3 4 |  4.0
Earth Magic    | 3 |  3.9
Armour         | 1 2 |  2.3
Conjurations   | 1 2 |  2.0
Shields        | 1 2 |  2.1
Spellcasting   | 3 |  3.3
Dodging        | |  1.7
Stealth        | |  1.7

Action                   |  1- 3 |  4- 6 |  7- 9 || total
-------------------------+-------+-------+-------++-------
Melee: Short sword       |   103 |    57 |     4 ||   164
       Kick              |       |    19 |     2 ||    21
 Cast: Sandblast         |    28 |    33 |    12 ||    73
  Use: Scroll            |       |     5 |       ||     5
 Stab: Sleeping          |     4 |     1 |       ||     5
       Paralysed         |     3 |    13 |     3 ||    19
Armor: Robe              |    30 |     9 |     2 ||    41
Dodge: Dodged            |    76 |    30 |     8 ||   114
Block: Buckler           |       |     8 |     2 ||    10
